 Dungeon Crawl Stone Soup version 0.22.1-2-g9c5b331 (webtiles) character file.

391 Matador8 the Insei (level 6, -5/43 HPs)
             Began as a Merfolk Transmuter on Dec 19, 2018.
             Was an Initiate of Nemelex Xobeh.
             Shot with an arrow by a centaur (8 damage)
             ... on level 5 of the Dungeon.
             The game lasted 00:21:55 (4531 turns).

Matador8 the Insei (Merfolk Transmuter)             Turns: 4531, Time: 00:21:56

Health: -5/43      AC:  5    Str: 11    XL:     6   Next: 80%
Magic:  5/9        EV: 12    Int: 14    God:    Nemelex Xobeh [......]
Gold:   290        SH:  0    Dex: 14    Spells: 3/9 levels left

rFire    . . .     SeeInvis .     - Unarmed
rCold    . . .     Gourm    .   (no shield)
rNeg     . . .     Faith    .   r - +0 leather armour
rPois    .         Spirit   .   (no helmet)
rElec    .         Reflect  .   u - +0 cloak
rCorr    .         Harm     .   x - +0 pair of gloves
MR       .....                  (no boots)
Stlth    +.........             (no amulet)
HPRegen  0.14/turn              (no ring)
MPRegen  0.11/turn              (no ring)

@: no status effects
A: change form in water, swift swim, stealthy swim
a: Renounce Religion


You were on level 5 of the Dungeon.
You worshipped Nemelex Xobeh.
Nemelex Xobeh was noncommittal.
You were not hungry.

You visited 2 branches of the dungeon, and saw 6 of its levels.

You collected 290 gold pieces.

Inventory:

Hand Weapons
 A - the +10 dagger of Tenacity {vamp, rF+ MR+ Int+7, unknown}
   (You found it on level 4 of the Dungeon)

   It inflicts no extra harm, but heals its wielder when it wounds a living foe.
   It affects your intelligence (+7).
   It protects you from fire.
   It affects your resistance to hostile enchantments.
Missiles
 a - 25 arrows
 e - 12 javelins (quivered)
Armour
 r - a +0 leather armour (worn)
 u - a +0 cloak (worn)
 x - a +0 pair of gloves (worn)
 y - a +0 helmet
Wands
 b - a wand of enslavement (10)
Scrolls
 f - 2 scrolls of random uselessness {unknown}
 g - 4 scrolls of remove curse {unknown}
 h - a scroll of enchant armour {unknown}
 i - 4 scrolls of teleportation {unknown}
 n - 6 scrolls of identify {unknown}
 o - 3 scrolls of fear {unknown}
 q - 3 scrolls of amnesia {unknown}
 s - a scroll of enchant weapon {unknown}
 w - 3 scrolls of fog {unknown}
 B - a scroll of magic mapping {unknown}
Potions
 c - 3 potions of heal wounds {unknown}
 j - a potion of might {unknown}
 k - a potion of agility {unknown}
 l - 2 potions of curing {unknown}
 m - a potion of berserk rage {unknown}
 p - 2 potions of resistance
 t - a potion of mutation {unknown}
 z - a potion of degeneration {unknown}
Miscellaneous
 v - a plain deck of escape
Comestibles
 d - 7 rations
 C - 2 chunks of flesh


   Skills:
 - Level 1.1 Fighting
 - Level 2.6 Dodging
 * Level 6.5 Unarmed Combat
 - Level 2.0 Spellcasting
 - Level 6.0 Transmutations
 + Level 1.1 Invocations


You had 3 spell levels left.
You knew the following spells:

 Your Spells              Type           Power        Failure   Level  Hunger
a - Beastly Appendage     Tmut           ###...       2%          1    ##.....
b - Sticks to Snakes      Tmut           ###.....     4%          2    ###....
c - Spider Form           Tmut/Pois      #.........   26%         3    ####...

Your spell library contained the following spells:

 Spells                   Type           Power        Failure   Level  Hunger
 Blade Hands              Tmut           ###.......   58%         5    ######.
 Ice Form                 Ice/Tmut       #.......     65%         4    #####..


Dungeon Overview and Level Annotations

Branches:
Dungeon (5/15)             Temple (1/1) D:4

Altars:
Ashenzari
Dithmenos
Elyvilon
Gozag
Makhleb
Nemelex Xobeh
Ru
Sif Muna
Trog
Uskayaw
Vehumet
Xom
Yredelemnul
The Shining One


Message History

You see here 2 arrows.
The centaur shoots an arrow.
The arrow misses your ball python. The arrow barely misses you.
The centaur shoots an arrow.
The arrow hits your ball python!
Your ball python dies!
Your horns disappear.
The centaur shoots an arrow.
The arrow hits you!
* * * LOW HITPOINT WARNING * * *
The centaur shoots an arrow.
The arrow misses you.
Casting: Sticks to Snakes (safe; 4% risk of failure)
Confirm with . or Enter, or press ? or * to list all spells.
You create a snake!
You now have 25 arrows.
The centaur shoots an arrow.
The arrow hits you!
* * * LOW HITPOINT WARNING * * *
You swap places.
The centaur shoots an arrow.
The arrow hits your ball python!
Your ball python dies!
The centaur shoots an arrow.
The arrow hits you!
You die...
Your body disappears without a glow.

.. ##. ###### ### ...
.... ..# ... #..# #.#
#.##.##..# #.#
......#..#### #<#
.......รท....#####.##
......#..##.....^..#
#.##. #...@.#####..#
# ##.##.# #..# #.##.#
#..# #.##.# #..#
#(##c#####..#
#((.........#
#c###.######.# ...
#.# .# ###. #$# ##


You could see a centaur.

Vanquished Creatures
  An ogre (D:4)
  A howler monkey (D:5)
  2 orc priests (D:3)
  A hound (D:4)
  A bullfrog skeleton (D:5)
  An orc wizard (D:4)
  An adder (D:3)
  2 dart slugs
  A leopard gecko (D:4)
  8 orcs
  3 giant cockroaches
  2 goblins (D:1)
  5 hobgoblins
  3 jackals (D:2)
  12 kobolds
  A quokka (D:2)
  A ball python (D:3)
  7 bats
  5 frilled lizards
  A jackal skeleton (D:4)
  A leopard gecko skeleton (D:4)
  9 rats
69 creatures vanquished.

Vanquished Creatures (collateral kills)
  An orc priest (D:4)
  An orc wizard (D:4)
  A worker ant (D:4)
  2 adders (D:2)
  A goblin (D:2)
  A hobgoblin (D:3)
  A kobold (D:2)
  A rat (D:2)
9 creatures vanquished.

Grand Total: 78 creatures vanquished

Notes
Turn   | Place    | Note
-------+----------+-------------------------------------------
     0 | D:1      | Matador8 the Merfolk Transmuter began the quest for the
                  | Orb.
     0 | D:1      | Reached XP level 1. HP: 15/15 MP: 3/3
   422 | D:1      | Reached XP level 2. HP: 21/21 MP: 3/5
   429 | D:1      | Learned a level 2 spell: Sticks to Snakes
  1016 | D:2      | Reached XP level 3. HP: 19/26 MP: 1/6
  2079 | D:2      | Learned a level 3 spell: Spider Form
  2086 | D:2      | Reached XP level 4. HP: 27/32 MP: 5/7
  3351 | D:3      | Reached skill level 5 in Unarmed Combat
  3351 | D:3      | Reached skill level 5 in Transmutations
  3351 | D:3      | Reached XP level 5. HP: 9/37 MP: 4/8
  3746 | D:4      | Noticed an ogre
  3798 | D:4      | Killed an ogre
  3798 | D:4      | Reached XP level 6. HP: 43/43 MP: 5/9
  3995 | D:4      | Got a translucent dagger
  4060 | D:4      | Found a staircase to the Ecumenical Temple.
  4088 | Temple   | Entered the Ecumenical Temple
  4196 | Temple   | Became a worshipper of Nemelex Xobeh the Trickster
  4296 | D:4      | Found a sacrificial altar of Ru.
  4434 | D:4      | Received a gift from Nemelex Xobeh
  4463 | D:5      | Entered Level 5 of the Dungeon
  4508 | D:5      | Reached skill level 1 in Invocations
  4527 | D:5      | HP: 2/43 [centaur/arrow (8)]
  4531 | D:5      | Shot with an arrow by a centaur

Skill      XL: |  1  2  3  4  5  6 |
---------------+-------------------+-----
Transmutations | 3 4 5 6 |  6.0
Unarmed Combat | 4 5 6 |  6.5
Invocations    | 1 |  1.1
Fighting       | |  1.1
Dodging        | |  2.6
Spellcasting   | |  2.0

Action                   |  1- 3 |  4- 6 || total
-------------------------+-------+-------++-------
Melee: Unarmed           |   124 |   116 ||   240
       Headbutt          |    11 |     8 ||    19
       Punch             |     1 |     4 ||     5
 Cast: Beastly Appendage |    16 |    10 ||    26
       Sticks to Snakes  |     9 |    14 ||    23
       Spider Form       |       |     3 ||     3
 Stab: Sleeping          |     1 |     2 ||     3
       Distracted        |       |     3 ||     3
  Eat: Chunk             |     5 |     9 ||    14
Armor: Robe              |    16 |       ||    16
       Leather armour    |    11 |    29 ||    40
Dodge: Dodged            |    81 |    80 ||   161
